 Dungeon Crawl Stone Soup version 0.21.1-1-g345015f (webtiles) character file.

221 nightchill the Ruffian (level 5, 6/53 HPs)
             Began as a Troll Monk on Apr 8, 2018.
             Quit the game on level 3 of the Dungeon.
             The game lasted 00:05:48 (1793 turns).

nightchill the Ruffian (Troll Monk)                 Turns: 1793, Time: 00:05:49

Health: 6/53       AC:  5    Str: 20    XL:     5   Next: 65%
Magic:  4/4        EV: 10    Int:  6    God:
Gold:   157        SH:  0    Dex: 12    Spells: 4/4 levels left

rFire    . . .     SeeInvis .     - Unarmed
rCold    . . .     Gourm    +   (no shield)
rNeg     . . .     Faith    .   a - +0 robe
rPois    .         Spirit   .   (helmet restricted)
rElec    .         Reflect  .   (no cloak)
rCorr    .         Harm     .   (gloves unavailable)
MR       .....                  (boots unavailable)
Stlth    ++........             (no amulet)
HPRegen  0.57/turn              (no ring)
MPRegen  0.09/turn              (no ring)

@: mildly poisoned (6 -> 6)
A: large, unfitting armour, claws 3, fast metabolism 3, gourmand, regeneration
1, shaggy fur 1, tough skin 2
a: no special abilities


You were on level 3 of the Dungeon.
You were completely stuffed.

You visited 1 branch of the dungeon, and saw 3 of its levels.

You collected 157 gold pieces.

Inventory:

Missiles
 g - 57 stones (quivered)
Armour
 a - a +0 robe (worn)
Jewellery
 h - an uncursed ring of see invisible {unknown}
 p - an uncursed ring of protection from fire {unknown}
Wands
 n - a wand of acid (8)
Scrolls
 e - 2 scrolls of identify {unknown}
 i - 2 scrolls of enchant weapon {unknown}
 j - 2 scrolls of fear {unknown}
 k - a scroll of magic mapping {unknown}
 l - a scroll of amnesia {unknown}
 o - a scroll of teleportation {unknown}
 s - a scroll of enchant armour {unknown}
Potions
 c - a potion of berserk rage {unknown}
 d - a potion of heal wounds {unknown}
 f - a potion of degeneration {unknown}
 m - a potion of curing {unknown}
 q - a potion of mutation {unknown}
 r - 2 potions of might {unknown}
Comestibles
 b - 4 rations
 t - 2 chunks of flesh


   Skills:
 + Level 3.6 Fighting
 - Level 2.4 Dodging
 - Level 1.0 Stealth
 * Level 5.5 Unarmed Combat


You had 4 spell levels left.
You didn't know any spells.

Dungeon Overview and Level Annotations

Branches:
Dungeon (3/15)

Altars:


Innate Abilities, Weirdness & Mutations

You are too large for most types of armour.
You have claws for hands.
Your metabolism is lightning-fast.
You like to eat raw meat.
Your natural rate of healing is unusually fast.
You are covered in fur. (AC +1)
You have very tough skin. (AC +2)


Message History

The orc wizard hits you but does no damage.
The adder bites you but does no damage.
The orc wizard casts a spell.
The orc wizard seems to speed up.
The ooze barely misses you.
The orc hits you with a flail of protection!
* * * LOW HITPOINT WARNING * * *
You claw the orc wizard!
The orc wizard is almost dead.
The bat barely misses you. The bat hits you but does no damage.
The orc wizard hits you with a dagger.
* * * LOW HITPOINT WARNING * * *
The adder bites you.
* * * LOW HITPOINT WARNING * * *
The orc closely misses you. The ooze closely misses you.
You feel sick.
The orc wizard casts a spell.
The orc wizard blinks!
The bat hits you.
* * * LOW HITPOINT WARNING * * *
The bat hits you but does no damage. The ooze closely misses you.
Are you sure you want to abandon this character and quit the game? (Confirm with "yes".)

........................
......................##.
#.......................
##....................#
#...#####..........o.#
##...# #............##.
##...# #......ooK......
##.#.#####......boS......
##.#>...##......@Joo.....
##.#.##.##.......o.......
...#.##.##..........#....
####....##..........+ ...
#######..........# ..
#..........# .
#..........# #..........#


You could see an orc priest, 2 orc wizards, an ooze, an adder, 4 orcs, a bat and
a kobold.

Vanquished Creatures
  2 orc priests
  2 orc wizards (D:2)
  A gnoll (D:1)
  4 adders (D:2)
  An ooze (D:2)
  A worm (D:2)
  2 dart slugs
  2 leopard geckos (D:1)
  4 orcs
  A ball python (D:1)
  5 bats
  4 giant cockroaches
  2 goblins (D:1)
  3 hobgoblins (D:1)
  7 kobolds
  2 quokkas (D:2)
  3 frilled lizards
  5 rats
51 creatures vanquished.

Notes
Turn   | Place    | Note
-------+----------+-------------------------------------------
     0 | D:1      | nightchill the Troll Monk began the quest for the Orb.
     0 | D:1      | Reached XP level 1. HP: 22/22 MP: 0/0
   209 | D:1      | Reached XP level 2. HP: 29/29 MP: 1/1
   444 | D:1      | Reached XP level 3. HP: 26/36 MP: 2/2
   689 | D:2      | Reached skill level 4 in Unarmed Combat
   714 | D:2      | Reached XP level 4. HP: 12/45 MP: 3/3
   929 | D:2      | Reached skill level 5 in Unarmed Combat
  1014 | D:2      | Reached XP level 5. HP: 47/53 MP: 4/4
  1793 | D:3      | Quit the game

Skill      XL: |  1  2  3  4 |
---------------+-------------+-----
Unarmed Combat | 4 5 |  5.5
Fighting       | 3 |  3.6
Dodging        | |  2.4
Stealth        | |  1.0

Action                   |  1- 3 |  4- 6 || total
-------------------------+-------+-------++-------
Melee: Unarmed           |    50 |    62 ||   112
       Punch             |       |     1 ||     1
 Stab: Distracted        |     1 |     1 ||     2
  Eat: Chunk             |    12 |    10 ||    22
Armor: Robe              |    25 |    21 ||    46
Dodge: Dodged            |    18 |    41 ||    59
